 Dungeon Crawl Stone Soup version 0.24-a0-170-gd8427f5 (webtiles) character file.

Game seed: 8127188633642336609

1286 Borgoz the Skirmisher (level 8, -3/51 HPs)
             Began as a Gargoyle Gladiator on Mar 8, 2019.
             Slain by an orc warrior
             ... wielding a +0 flail
              (7 damage)
             ... on level 6 of the Dungeon.
             The game lasted 00:10:27 (6631 turns).

Borgoz the Skirmisher (Gargoyle Gladiator)          Turns: 6631, Time: 00:10:28

Health: -3/51      AC: 15    Str: 19    XL:     8   Next: 55%
Magic:  8/8        EV: 13    Int: 10    God:
Gold:   219        SH:  0    Dex: 11    Spells: 7/7 levels left

rFire    + . .     SeeInvis .   a - +0 rapier
rCold    x . .     Gourm    .   (no shield)
rNeg     + . .     Faith    .   l - +1 ring mail
rPois    ∞         Spirit   .   c - +0 helmet
rElec    +         Reflect  .   n - +0 cloak
rCorr    .         Harm     .   (no gloves)
MR       .....                  (no boots)
Stlth    +.........             p - amulet of inaccuracy (curse)
HPRegen  0.17/turn              m - ring of fire
MPRegen  0.11/turn              r - ring of flight

@: about to teleport, slowed, very slow
A: negative energy resistance 1, electricity resistance, unbreathing,
petrification resistance, rot immunity, AC +5
a: Evoke Flight


You were on level 6 of the Dungeon.
You were not hungry.

You visited 2 branches of the dungeon, and saw 7 of its levels.

You collected 219 gold pieces.

Inventory:

Hand Weapons
 a - a +0 rapier (weapon)
Missiles
 d - 3 throwing nets (quivered)
 g - 6 exploding tomahawks
Armour
 c - a +0 helmet (worn)
 l - a +1 ring mail (worn)
 n - a +0 cloak (worn)
Jewellery
 m - a ring of fire (left hand)
 p - a cursed amulet of inaccuracy (around neck)
 r - a ring of flight (right hand)
 s - an uncursed ring of fire
 t - an uncursed ring of ice {unknown}
Wands
 u - a wand of disintegration (8)
Scrolls
 h - 2 scrolls of identify
 j - 2 scrolls of remove curse {unknown}
 k - a scroll of teleportation
 o - 2 scrolls of enchant armour
Potions
 b - a potion of magic
 e - a potion of flight
 q - 2 potions of curing
Comestibles
 f - 5 rations
 i - 3 chunks of flesh


   Skills:
 + Level 5.9 Fighting
 + Level 5.3 Short Blades
 - Level 1.7 Throwing
 + Level 5.2 Armour
 + Level 4.8 Dodging


You had 7 spell levels left.
You didn't know any spells.
Your spell library contained the following spells:

 Spells                   Type           Power        Failure   Level  Hunger
 Summon Small Mammal      Summ           #...         52%         1    ##.....
 Call Imp                 Summ           #.......     67%         2    ###....
 Call Canine Familiar     Summ           #.......     88%         3    ####...
 Summon Guardian Golem    Hex/Summ       #.......     88%         3    ####...
 Summon Ice Beast         Ice/Summ       #.......     99%         4    #####..
 Summon Lightning Spire   Summ/Air       #.......     99%         4    #####..


Dungeon Overview and Level Annotations

Branches:
Dungeon (6/15)             Temple (1/1) D:4

Altars:
Cheibriados
Dithmenos
Elyvilon
Fedhas
Gozag
Hepliaklqana
Makhleb
Nemelex Xobeh
Okawaru
Qazlal
Ru
Trog
Uskayaw
Vehumet
Wu Jian
Xom
Yredelemnul
Zin
The Shining One

Shops:
D:4 *


Innate Abilities, Weirdness & Mutations

You are resistant to torment.
Your stone body is resilient. (AC +5)
You are immune to poison.
You resist negative energy. (rN+)
You are resistant to electric shocks. (rElec)
You can survive without breathing.
You are immune to petrification.
You are immune to rotting.


Message History

The howler monkey hoots and howls with incredible vigour!
The kobold throws a stone.
The stone barely misses you.
You hear a shout!
You see here a stone.
The orc wizard barely misses you.
You miss the orc wizard.
The orc wizard is severely wounded.
The orc wizard gestures at you while chanting.
The magic dart hits you but does no damage.
You puncture the orc warrior!
The orc warrior is severely wounded.
The orc warrior hits you with a +0 flail!
* * * LOW HITPOINT WARNING * * *
Unknown command.
Okay, then.
As you read the scroll of teleportation, it crumbles to dust.
You feel strangely unstable.
The orc wizard is no longer moving quickly.
The orc warrior hits you with a +0 flail!
You die...

..........................
.................(..o.....
.................(.oo.....
.................(#####.##
#....###.####h###.#####.# #....#
#.#..#)# #.>#....# #....#
#.#..#K####.#....####
#....###.#..#K#.............
#....+......#.#@##......###
##....####.....#o###.###.#
...............Ko# #..##.#
............###### ##.##.#
............# #..#.#
.........(..# ##.#.#
............# #.#.########
............# #...#.......
............###########..#.......


You could see an orc warrior, an orc wizard and a kobold.

Vanquished Creatures
  A sky beast (D:4)
  A water moccasin (D:5)
  A phantom (D:4)
  2 ogres
  3 scorpions
  3 bullfrog zombies (D:4)
  A centaur zombie (D:4)
  A hound (D:3)
  3 orc priests (D:5)
  2 orc wizards (D:5)
  A bullfrog skeleton (D:4)
  An iguana (D:6)
  3 hound zombies
  2 worker ant zombies (D:4)
  7 gnolls
  6 adders
  A howler monkey skeleton (D:4)
  An adder zombie (D:4)
  4 adder skeletons
  A worm (D:2)
  A dart slug (D:3)
  4 leopard geckos
  13 orcs
  3 giant cockroaches
  8 goblins
  5 hobgoblins
  17 jackals
  6 quokkas
  3 ball pythons
  A ball python zombie (D:4)
  6 bats
  7 frilled lizards
  A jackal zombie (D:4)
  5 kobolds
  A leopard gecko zombie (D:4)
  A quokka skeleton (D:4)
  7 rats
134 creatures vanquished.

Notes
Turn   | Place    | Note
-------+----------+-------------------------------------------
     0 | D:1      | Borgoz the Gargoyle Gladiator began the quest for the Orb.
     0 | D:1      | Reached XP level 1. HP: 12/12 MP: 1/1
   256 | D:1      | Reached XP level 2. HP: 14/18 MP: 2/2
   550 | D:1      | Reached skill level 1 in Armour
   979 | D:2      | Reached XP level 3. HP: 20/22 MP: 3/3
  1022 | D:2      | Found a faded altar of an unknown god.
  1405 | D:2      | Found a white marble altar of Elyvilon.
  1405 | D:2      | Found a glowing silver altar of Zin.
  1410 | D:2      | Found a faded altar of an unknown god.
  1412 | D:2      | Found a faded altar of an unknown god.
  1414 | D:2      | Found a hide-covered altar of Uskayaw.
  1880 | D:3      | Reached XP level 4. HP: 28/28 MP: 4/4
  2019 | D:3      | Noticed an ogre
  2023 | D:3      | HP: 1/28 [ogre/+0 giant club (9)]
  2030 | D:3      | Killed an ogre
  2030 | D:3      | Reached XP level 5. HP: 1/32 MP: 5/5
  2538 | D:3      | Reached XP level 6. HP: 38/38 MP: 6/6
  3443 | D:4      | Found a staircase to the Ecumenical Temple.
  3476 | Temple   | Entered the Ecumenical Temple
  4005 | D:4      | Reached XP level 7. HP: 37/44 MP: 7/7
  4779 | D:4      | Found Amurinew's General Store.
  4913 | D:4      | Reached skill level 5 in Fighting
  5398 | D:5      | Entered Level 5 of the Dungeon
  5476 | D:4      | Reached XP level 8. HP: 25/49 MP: 8/8
  5917 | D:5      | Reached skill level 5 in Short Blades
  6156 | D:5      | Reached skill level 5 in Armour
  6631 | D:6      | Slain by an orc warrior

Levels and vault maps discovered:
D:1:      evilmike_arrival_rings, layout_rooms, minmay_tetromino_t2
D:2:      layout_basic, chequers_temple_overflow_minitemple,
          chequers_ecumenical_altar_simple_redux
D:3:      minmay_chambers_of_threes, layout_basic, grunt_ministairs_2,
          wad_orctagon
D:4:      layout_loops_cross, minmay_temple_entry_crystal_x, serial_undead,
          serial_undead_f, serial_undead_c, serial_undead_f, serial_undead_b,
          serial_undead_a, serial_undead_e, serial_undead_f, serial_undead_d,
          serial_shops, shop, minmay_misc_feat_secret_circle
D:5:      layout_cave_pools, ebering_ghost_sewer_d, first_ration,
          chequers_serial_rivers_large_a
D:6:      minmay_goblin_kobold_castle, layout_basic, uniq_pikel
Temple:   regret_index_temple_sphere_string

Skill      XL: |  1  2  3  4  5  6  7  8 |
---------------+-------------------------+-----
Armour         | 1 2 3 4 5 |  5.2
Short Blades   | 3 4 5 |  5.3
Fighting       | 3 4 5 |  5.9
Dodging        | 3 4 |  4.8
Throwing       | |  1.7

Action                   |  1- 3 |  4- 6 |  7- 9 || total
-------------------------+-------+-------+-------++-------
Melee: Rapier            |   158 |   304 |   472 ||   934
  Use: Scroll            |     8 |       |     3 ||    11
       Potion            |       |       |     4 ||     4
  Eat: Chunk             |     3 |     6 |    11 ||    20
Armor: Leather armour    |    18 |       |       ||    18
       Ring mail         |    45 |   182 |   209 ||   436
       Skin              |       |       |    56 ||    56
Dodge: Dodged            |   102 |   259 |   267 ||   628

Table legend:
 A = Non-vault XP
 B = Vault XP
 C = Vault XP percentage of total XP
 D = Non-vault monster count
 E = Vault monster count
 F = Vault count percentage of total count
                 A         B        C        D         E       F
            +---------+---------+-------+---------+---------+-------
      Total |    1436 |     402 |  21.9 |      99 |      35 |  26.1
            +---------+---------+-------+---------+---------+-------
        D:1 |      24 |       2 |   7.7 |      16 |       1 |   5.9
        D:2 |      48 |       0 |   0.0 |      20 |       0 |   0.0
        D:3 |     246 |      87 |  26.1 |      20 |      18 |  47.4
        D:4 |     547 |     313 |  36.4 |      18 |      16 |  47.1
        D:5 |     438 |       0 |   0.0 |      19 |       0 |   0.0
        D:6 |     133 |       0 |   0.0 |       6 |       0 |   0.0
            +---------+---------+-------+---------+---------+-------
